 Dungeon Crawl Stone Soup version 0.30.1-3-gfc49f6343a (webtiles) character file.

Game seed: 6925341586369559838

49 wingedge the Trooper (level 3, -1/34 HPs)
             Began as a Demigod Wanderer on Aug 4, 2023.
             Slain by a gnoll
             ... wielding a +1 halberd of flaming
              (4 damage)
             ... on level 2 of the Dungeon.
             The game lasted 00:03:28 (833 turns).

wingedge the Trooper (Demigod Wanderer)              Turns: 833, Time: 00:03:29

Health: -1/34      AC:  8    Str: 15    XL:     3   Next: 32%
Magic:  5/5        EV: 10    Int: 15    God:
Gold:   39         SH:  0    Dex: 20    Spells: 2/2 levels left

rFire   . . .        a - +1 shortbow
rCold   . . .        (shield currently unavailable)
rNeg    . . .        g - +0 ring mail
rPois   .            i - +2 helmet
rElec   .            (no cloak)
rCorr   .            (no gloves)
SInv    .            (no boots)
Will    .....        (no amulet) Stlth
                     h - +6 ring of dexterity
HPRegen 0.25/turn    (no ring)
MPRegen 0.09/turn

%: no passive effects
@: silenced
A: high MP 1, forlorn, divine attributes
a: no special abilities


You were on level 2 of the Dungeon.
You visited 1 branch of the dungeon, and saw 2 of its levels.

You collected 39 gold pieces.

Inventory:

Hand Weapons
 a - a +1 shortbow (weapon)
Armour
 d - a +0 leather armour
 g - a +0 ring mail (worn)
 i - a +2 helmet (worn)
Jewellery
 h - a +6 ring of dexterity (left hand)
Wands
 b - a wand of polymorph (1)
Scrolls
 c - a scroll of fog
Potions
 e - 2 potions of curing
 j - a potion of attraction {unknown}


   Skills:
 - Level 4.5 Fighting
 + Level 4.0 Ranged Weapons
 - Level 1.0 Armour
 - Level 1.7 Evocations


You had 2 spell levels left.
You didn't know any spells.
Your spell library contained the following spells:

 Spells                   Type           Power      Damage    Failure   Level
 Iskenderun's Mystic Bla  Conj/Tloc      0%         2d3       99%         4
 Leda's Liquefaction      Hex/Erth       0%         N/A       99%         4
 Petrify                  Tmut/Erth      0%         N/A       99%         4
 Summon Forest            Summ/Tloc      0%         N/A       100%        5


Dungeon Overview and Level Annotations

Branches:
Dungeon (2/15)


Innate Abilities, Weirdness & Mutations

You have an increased reservoir of magic. (+10% MP)
You shall have no god before yourself.
Your divine heritage dramatically boosts your attributes as you level up.


Message History

The sling bullet hits you but does no damage.
The gnoll hits you from afar with a +1 halberd of flaming!
* * * LOW HITPOINT WARNING * * *
The gnoll burns you.
* * * LOW HITPOINT WARNING * * *
The goblin shoots a sling bullet.
The sling bullet closely misses you.
The goblin shoots a sling bullet.
The sling bullet hits you but does no damage.
The jackal closely misses you. The jackal attacks as you move away!
The jackal bites you but does no damage.
The jackal attacks as you move away!
The jackal bites you but does no damage. x2
It was a potion of curing.
You feel better. The jackal misses you. The jackal bites you.
Fire: a) +1 shortbow
Press: ? - help, Q - select action, (/) - cycle Shift-Dir - straight line, f/p - gnoll
Aim: a gnoll, wielding a +1 halberd of flaming and quivering stones (silenced, 69% to hit)
Okay, then.
Fire: a) +1 shortbow
Press: ? - help, Q - select action, (/) - cycle Shift-Dir - straight line, f/p - gnoll
Aim: a gnoll, wielding a +1 halberd of flaming and quivering stones (silenced, 69% to hit)
You shoot an arrow. The arrow hits the jackal.
You kill the jackal!
Training target 4.0 for Ranged Weapons reached!
Your Ranged Weapons skill increases to level 4!
You need to enable at least one skill for training.
Fire: a) +1 shortbow
Press: ? - help, Q - select action, (/) - cycle Shift-Dir - straight line, f/p - gnoll
Aim: a gnoll, wielding a +1 halberd of flaming and quivering stones (silenced, 70% to hit)
You shoot an arrow. The arrow barely misses the goblin.
The arrow hits the gnoll!
The gnoll is severely wounded.
The goblin hits you with a +0 dagger.
* * * LOW HITPOINT WARNING * * *
The goblin barely misses you.
The gnoll hits you from afar with a +1 halberd of flaming!
* * * LOW HITPOINT WARNING * * *
The gnoll burns you.
You die...

#...#######...###
#...#...........# #
######...#........##.# #
........).........##.####
......................#..
........g.)gg...........#
######..g#.......###..###
#..g#.###........# #
#..@#.g.g..#####.#
#...######## #)###
##...#### #...# .
#.......###########h#
#.#.#####.##.†.....##g#
#..... #.##.#####.##..
##..#.##.##.#####.####
#.....#........##.# ##
#.###.#.##.##.##.#


You could see a gnoll and 2 goblins.

Vanquished Creatures
  2 gnolls (D:2)
  2 dart slugs
  3 endoplasms (D:1)
  2 goblins
  3 hobgoblins
  2 jackals (D:2)
  A kobold (D:1)
  A quokka (D:2)
  3 bats (D:1)
  3 frilled lizards
  2 rats
24 creatures vanquished.

Notes
Turn   | Place    | Note
-------+----------+-------------------------------------------
     0 | D:1      | wingedge the Demigod Wanderer began the quest for the Orb.
     0 | D:1      | wingedge set off with the following items: a +1 shortbow, a
                  | wand of polymorph (3), a scroll of fog, a +0 leather
                  | armour.
     0 | D:1      | Reached XP level 1. HP: 22/22 MP: 3/3
   101 | D:1      | Got the Discourse on Spatial Terra Firma
   343 | D:1      | Reached XP level 2. HP: 27/28 MP: 4/4
   804 | D:2      | Reached skill level 1 in Armour
   804 | D:2      | Reached XP level 3. HP: 31/34 MP: 5/5
   833 | D:2      | Slain by a gnoll

Illustrated notes

Levels and vault maps discovered:
D:1:      psy_arrival_wood_between_worlds, layout_basic,
          chequers_serial_rivers_micro_c
D:2:      layout_loops_cross, ebering_ecumenical_altar_petrified,
          minmay_tetromino_s2

Skill      XL: |  1  2  3 |
---------------+----------+-----
Ranged Weapons | 3 4 |  4.0
Armour         | 1 |  1.0
Fighting       | |  4.5
Evocations     | |  1.7

Action                     || total
---------------------------++-------
   Fire: Shortbow          ||    57
  Evoke: Wand              ||     2
    Use: Scroll            ||     1
         Potion            ||     1
 Armour: Ring mail         ||    12
         Leather armour    ||     1
  Dodge: Dodged            ||    25
